 Dungeon Crawl Stone Soup version 0.18-a0-820-gb085b11 (webtiles) character file.

30 Arkorax the Skirmisher (level 3, -2/37 HPs)
             Began as an Ogre Arcane Marksman on Dec 16, 2015.
             Slain by Sigmund
             ... wielding a +2 scythe of venom
              (5 damage)
             ... on level 2 of the Dungeon.
             The game lasted 00:02:30 (1364 turns).

Arkorax the Skirmisher (Ogre Arcane Marksman)       Turns: 1364, Time: 00:02:31

Health: -2/37      AC:  7    Str: 16    XL:     3   Next: 18%
Magic:  4/4        EV: 10    Int: 12    God:
Gold:   80         SH:  0    Dex: 10    Spells: 1 memorised, 3 levels left

rFire  + . .     SeeInvis .     h - +0 mace
rCold  + . .     Gourm    .     a - +0 robe
rNeg   . . .     Faith    .     (no shield)
rPois  +         Spirit   .     (helmet restricted)
rElec  +         Dismiss  .     m - +0 cloak
rCorr  +         Reflect  .     (gloves unavailable)
SustAt .         Harm     .     (boots unavailable)
MR     .....                    (no amulet)
Stlth  +.........               (no ring)
                                (no ring)

@: confused, lethally poisoned (-2 -> -11), resistant, not resistant to hostile
enchantments, very unstealthy
A: unfitting armour, icy blue scales 1, slimy green scales 1, tough skin 1,
subdued magic 1
a: no special abilities


You were on level 2 of the Dungeon.
You were hungry.

You visited 1 branch of the dungeon, and saw 2 of its levels.

You collected 80 gold pieces.

Inventory:

Hand Weapons
 h - a +0 mace (weapon)
Missiles
 c - 4 large rocks (quivered)
 d - 2 throwing nets
Armour
 a - a +0 robe (worn)
 m - a +0 cloak (worn)
Books
 b - a book of Debilitation

   Spells                             Type                      Level
   a - Corona                         Hexes                        1
   b - Slow                           Hexes                        2
   c - Gell's Gravitas                Hexes/Translocation          3
   d - Inner Flame                    Hexes/Fire                   3
   e - Cause Fear                     Hexes                        4
   f - Leda's Liquefaction            Hexes/Earth                  4
Comestibles
 f - 2 bread rations
 k - a fruit


   Skills:
 + Level 3.1 Fighting
 + Level 2.2 Maces & Flails
 - Level 2.0 Throwing
 - Level 1.7 Dodging
 - Level 1.2 Spellcasting
 - Level 2.1 Hexes


You had 3 spell levels left.
You knew the following spells:

 Your Spells              Type           Power        Failure   Level  Hunger
a - Corona                Hex            #......      7%          1    ##.....


Dungeon Overview and Level Annotations

Branches:
Dungeon (2/15)

Altars:

Annotations:
D:2 Sigmund


Innate Abilities, Weirdness & Mutations

You are too large for most types of armour.
You have tough skin (AC +1).
You are partially covered in icy blue scales (AC +1).
You are partially covered in slimy green scales (AC +2).
Your spells are a little easier to cast, but a little less powerful.


Message History

* * * LOW HITPOINT WARNING * * *
You feel sick. Sigmund closely misses you.
You hit Sigmund.
Sigmund is moderately wounded.
* * * LOW HITPOINT WARNING * * *
You feel sick. Sigmund barely misses you.
You barely miss Sigmund.
Sigmund is moderately wounded.
* * * LOW HITPOINT WARNING * * *
You feel sick. Sigmund gestures at you while chanting.
You are confused.
You hit Sigmund.
Sigmund is heavily wounded.
* * * LOW HITPOINT WARNING * * *
You feel sick. Sigmund barely misses you.
* * * LOW HITPOINT WARNING * * *
You feel sick.
Sigmund hits you with a scythe of venom.
You die...

..##..##. ...
###.##. #.. .....#.
###... ##...
##...... ##.# ..(...
#.# ####... #.#
#....# ##.# #..@@#
#####..†
#....########.....#.
#.?...........#####.
#....########## #.
#....# #. #....# ##
######


You could see Sigmund.

Vanquished Creatures
  An ooze (D:1)
  5 giant cockroaches
  2 goblins (D:1)
  2 hobgoblins (D:1)
  5 kobolds (D:1)
  A quokka (D:2)
  2 bats (D:1)
  2 giant newts (D:1)
  4 rats (D:1)
24 creatures vanquished.

Notes
Turn   | Place    | Note
--------------------------------------------------------------
     0 | D:1      | Arkorax the Ogre Arcane Marksman began the quest for the Orb.
     0 | D:1      | Reached XP level 1. HP: 19/19 MP: 2/2
   277 | D:1      | Reached skill level 1 in Maces & Flails
   277 | D:1      | Reached XP level 2. HP: 25/29 MP: 3/3
   933 | D:1      | Reached skill level 3 in Fighting
   974 | D:1      | Reached XP level 3. HP: 31/37 MP: 4/4
  1353 | D:2      | Noticed Sigmund
  1359 | D:2      | Gained mutation: You are partially covered in slimy green scales (AC +2). [potion of mutation]
  1359 | D:2      | Gained mutation: You are partially covered in icy blue scales (AC +1). [potion of mutation]
  1359 | D:2      | Gained mutation: Your spells are a little easier to cast, but a little less powerful. [potion of mutation]
  1364 | D:2      | Slain by Sigmund

Vault maps used:
D:1:      noname_arrival_rooms_in_the_neighbourhood, minmay_stone_trees_medium,
          kennysheep_doodads
D:2:      first_bread, uniq_sigmund, uniq_crazy_yiuf_cottage, uniq_jessica

Action                   || total
-------------------------++-------
Melee: Mace              ||    88
       Unarmed           ||    12
Throw: Large rock        ||     1
  Use: Potion            ||     5
  Eat: Chunk             ||     1
